AoeStats
← Darkin

Arena

510149777Analyzed
1v1 RM · 4d ago on Sep 29, 2026· 40m 44s· 2 players
Game mode
Random Map
Map size
Tiny (2 player)
Population
200
Speed
Normal
Resources
Standard
Victory
Conquest
Starting age
Dark Age
Ending age
Imperial Age
RankedLock teamsTeams togetherTeam positionsShared explorationLock speedFull tech treeHidden civsTurbo modeCheats
Victory
Defeat
🇬🇧 Spanish · United Kingdom
604
+31
🇨🇿 Franks · Czechia
623
-32
Charlie
11:27 Feudal Age
12:18 Horse Collar
12:27 Double-Bit Axe
14:20 Loom
18:28 Castle Age
20:11 Wheelbarrow
20:08 Stone Mining
20:11 Gold Mining
26:13 Scale Barding Armor
26:04 Fletching
27:23 Chain Barding Armor
27:28 Town Watch
28:01 Bow Saw
27:55 Heavy Plow
28:01 Bodkin Arrow
31:35 Town Patrol
36:58 Imperial Age
36:11 Hand Cart
38:53 Elite Conquistador
39:41 Bracer
41:46 Hoardings
Darkin
3:41 Loom
12:00 Feudal Age
13:20 Double-Bit Axe
14:40 Wheelbarrow
16:47 Gold Mining
22:05 Castle Age
20:41 Man-at-Arms
21:35 Forging
21:32 Scale Barding Armor
21:27 Scale Mail Armor
21:27 Padded Archer Armor
21:18 Fletching
23:54 Iron Casting
24:03 Gold Shaft Mining
23:19 Stone Mining
24:48 Bow Saw
26:07 Chain Mail Armor
26:13 Chain Barding Armor
26:08 Leather Archer Armor
26:45 Bodkin Arrow
26:14 Light Cavalry
26:55 Husbandry
28:49 Hand Cart
31:56 Pikeman
31:57 Long Swordsman
33:19 Elite Skirmisher
33:20 Crossbowman
36:23 Ballistics
36:18 Squires
36:03 Gambesons
37:37 Masonry
Connection lost

Rejoining the realm…

Still unreachable

The connection could not be restored.

Session expired

The server has moved on; the page needs a fresh start.